 Dungeon Crawl Stone Soup version 0.15.2 (webtiles) character file.

27 MisterOstroum the Skirmisher (level 2, -1/24 HPs)
             Began as a Mummy Monk on Dec 22, 2019.
             Slain by an adder (2 damage)
             ... on Level 2 of the Dungeon.
             The game lasted 00:03:23 (2101 turns).

MisterOstroum the Skirmisher (Mummy Monk)           Turns: 2101, Time: 00:03:23

HP  -1/24        AC  0     Str 14      XL: 2   Next: 93%
MP   2/2         EV 13     Int  9      God:
Gold 65          SH  0     Dex 14      Spells:  0 memorised,  1 level left

rFire  x x .     SeeInvis .       - Unarmed
rCold  + + .     Clarity  .     (no armour)
rNeg   + + +     rCorr    .     (no shield)
rPois  +         rRot     +     (no helmet)
rElec  .         Spirit   .     (no cloak)
SustAb .         Warding  .     (no gloves)
rMut   .         Stasis   .     (no boots)
Gourm  .                        (no amulet)
MR     .....                    (no ring)
                                d - ring of ice

@: not resistant to hostile enchantments, unstealthy
A: no food or potions, fire vulnerability, restore body, cold resistance 1,
negative energy resistance 3, poison resistance, torment resistance, unbreathing
a: no special abilities


You were on level 2 of the Dungeon.
You were not hungry.

You visited 1 branch of the dungeon, and saw 2 of its levels.

You collected 65 gold pieces.

Inventory:

Armour
 a - a +0 robe
Scrolls
 b - a scroll of remove curse {unknown}
 c - a scroll of noise {unknown}
 e - a scroll of recharging {unknown}
Jewellery
 d - a ring of ice (left hand)


   Skills:
 * Level 3.6 Fighting
 + Level 2.5 Dodging
 - Level 1.5 Stealth
 * Level 3.6 Unarmed Combat


You had one spell level left.
You didn't know any spells.

Dungeon Overview and Level Annotations

Branches:
Dungeon (2/15)

Altars:
Elyvilon


Innate Abilities, Weirdness & Mutations

You do not eat or drink.
Your flesh is vulnerable to fire.
Your flesh is cold resistant.
You are immune to negative energy.
Your system is resistant to poisons.
You are immune to unholy pain and torment.
You can survive without breathing.


Message History

You punch the kobold!
You kill the kobold!
You see here a whip.
Found a stone staircase leading down.
A rat comes into view.
A rat is nearby!
A rat is nearby!
A rat is nearby!
You start resting.
You start resting.
HP restored.
The rat is too close now for your liking.
A rat is nearby!
You hit the rat.
You kill the rat!
No target in view!
No target in view!
No target in view!
Found a leather armour.
e - a scroll labeled FRAOV UPUH No target in view!
A giant cockroach comes into view.
A giant cockroach is nearby!
Found a stone staircase leading down.
You see here a leather armour. 2 bats come into view.
The giant cockroach closely misses you.
You barely miss the giant cockroach. The giant cockroach misses you.
You punch the bat!
You kill the bat!
The giant cockroach completely misses you.
The giant cockroach closely misses you.
You hit the giant cockroach.
The giant cockroach is heavily wounded.
The giant cockroach bites you.
You hit the giant cockroach but do no damage.
The giant cockroach is heavily wounded.
The giant cockroach barely misses you.
You hit the giant cockroach but do no damage.
The giant cockroach is heavily wounded.
The giant cockroach barely misses you.
You hit the giant cockroach.
You kill the giant cockroach!
The bat hits you. The bat hits you. The bat barely misses you.
You barely miss the bat. The bat completely misses you. The bat hits you.
You hit the bat.
The bat is moderately wounded.
The bat barely misses you.
You closely miss the bat.
The bat is moderately wounded.
The bat barely misses you.
A bat is nearby!
You hit the bat.
You kill the bat!
No target in view!
No target in view!
Found 17 poisoned needles.
A giant newt comes into view.
Found 8 gold pieces.
A giant newt is nearby!
A giant newt is nearby!
A giant newt is nearby!
You start resting.
HP restored.
The giant newt is too close now for your liking.
You punch the giant newt!
You kill the giant newt!
No target in view!
No target in view!
No target in view!
You see here 17 poisoned needles.
You now have 65 gold pieces (gained 8).
An adder comes into view.
An adder is nearby!
You closely miss the adder. The adder bites you.
You closely miss the adder. The adder bites you. The adder closely misses you.
You miss the adder. The adder misses you.
You miss the adder. The adder bites you.
You are too injured to fight recklessly!
You are too injured to fight recklessly!
You hit the adder but do no damage. The adder bites you.
You hit the adder.
The adder is lightly wounded.
The adder bites you.
* * * LOW HITPOINT WARNING * * *
You barely miss the adder.
The adder is lightly wounded.
The adder misses you.
You barely miss the adder.
The adder is lightly wounded.
The adder closely misses you. The adder bites you.
* * * LOW HITPOINT WARNING * * *
You barely miss the adder.
The adder is lightly wounded.
The adder barely misses you.
You hit the adder. Your punch misses the adder.
The adder is heavily wounded.
The adder bites you.
You die...

. ... .. #..# .#
..# .# ..# .# .
..# .# #.# #.#
.#####.# #.# #.#
.......# #.# #S#
....### #.# #@#
.##.# #####.# #.#
.##.####...#.# #.#
...........#.# #.#
>##.##.......# #.#
.##..........# #.#
....##.......###.#
.#######.......(.#
## #...#######


You could see an adder.

Vanquished Creatures
  An ooze (D:2)
  A giant cockroach (D:2)
  4 goblins (D:1)
  2 jackals (D:2)
  6 kobolds
  4 bats
  A giant newt (D:2)
  4 rats
23 creatures vanquished.

Notes
Turn   | Place    | Note
--------------------------------------------------------------
     0 | D:1      | MisterOstroum, the Mummy Monk, began the quest for the Orb.
     0 | D:1      | Reached XP level 1. HP: 18/18 MP: 1/1
   413 | D:1      | Reached XP level 2. HP: 20/24 MP: 2/2
   637 | D:1      | Found a white marble altar of Elyvilon.
  1287 | D:1      | Found a white marble altar of Elyvilon.
  2099 | D:2      | HP: 1/24 [adder (3)]
  2101 | D:2      | Slain by an adder

Action                   || total
-------------------------++-------
Melee: Unarmed           ||   109
